 Dungeon Crawl Stone Soup version 0.22-a0-525-gf69a080 (webtiles) character file.

207 4thArraOfDagon the Ducker (level 5, -3/21 HPs)
             Began as a Felid Conjurer on June 20, 2018.
             Slain by an ogre
             ... wielding a +0 giant spiked club
              (6 damage)
             ... on level 5 of the Dungeon.
             The game lasted 00:06:58 (1287 turns).

4thArraOfDagon the Ducker (Felid Conjurer)          Turns: 1287, Time: 00:06:58

Health: -3/21      AC:  1    Str:  2    XL:     5   Next: 54%
Magic:  2/9        EV: 20    Int: 18    God:
Gold:   130        SH:  0    Dex: 16    Spells: 7/8 levels left
                                        Lives:  0   Deaths: 1

rFire    . . .     SeeInvis +     - Unarmed
rCold    . . .     Gourm    .   (shield unavailable)
rNeg     . . .     Faith    .   (armour unavailable)
rPois    .         Spirit   .   (helmet unavailable)
rElec    .         Reflect  .   (cloak unavailable)
rCorr    .         Harm     .   (gloves unavailable)
MR       .....                  (boots unavailable)
Stlth    +++.......             (no amulet)
HPRegen  0.07/turn              a - -2 ring of strength (curse)
MPRegen  0.11/turn              (no ring)

@: quick
A: very small, no armour, no weapons or thrown items, stealth, claws 1, fangs 3,
see invisible, carnivore, speed 1, shaggy fur 1, slow metabolism 1, sharp paws
a: no special abilities


You were on level 5 of the Dungeon.
You were completely stuffed.

You visited 1 branch of the dungeon, and saw 6 of its levels.

You collected 130 gold pieces.

Inventory:

Jewellery
 a - a cursed -2 ring of strength (left paw)
Scrolls
 d - 4 scrolls of remove curse {unknown}
 f - a scroll of enchant weapon {unknown}
 g - a scroll of amnesia {unknown}
 i - 2 scrolls of enchant armour
Comestibles
 b - 7 rations


   Skills:
 + Level 5.2 Dodging
 - Level 2.6 Stealth
 * Level 4.6 Unarmed Combat
 - Level 2.0 Spellcasting
 - Level 3.6 Conjurations


You had 7 spell levels left.
You knew the following spells:

 Your Spells              Type           Power        Failure   Level  Hunger
a - Magic Dart            Conj           ##..         4%          1    #......

Your spell library contained the following spells:

 Spells                   Type           Power        Failure   Level  Hunger
 Iskenderun's Mystic Bla  Conj           ##......     38%         4    #####..
 Fulminant Prism          Conj/Hex       #.........   65%         4    #####..
 Dazzling Spray           Conj/Hex       #.....       26%         3    ###....
 Force Lance              Conj/Tloc      #.......     65%         4    #####..
 Searing Ray              Conj           ##....       6%          2    ###....


Dungeon Overview and Level Annotations

Branches:
Dungeon (7/15)
 Temple: D:4-7

Altars:
Nemelex Xobeh
The Shining One

Annotations:
D:7 Pikel


Innate Abilities, Weirdness & Mutations

You cannot wear armour.
You are incapable of wielding weapons or throwing items.
Your paws allow you to move quietly. (Stealth)
You have sharp claws.
You have razor-sharp teeth.
You have supernaturally acute eyesight. (SInv)
You are carnivorous and can eat meat at any time.
You cover ground quickly.
You are covered in fur. (AC +1)
You have a slow metabolism.
Your sharp claws are effective at attacking unaware monsters.


Message History

You eat one of the 3 chunks of flesh.
This raw flesh tastes great.
Eat one of 2 chunks of flesh? (ye/n/q)
You eat one of the 2 chunks of flesh.
This raw flesh tastes great.
Eat a chunk of flesh? (ye/n/q)
You eat the chunk of flesh.
This raw flesh tastes great.
Your extra speed is starting to run out.
Found a stone staircase leading down.
You feel yourself slow down.
An ogre comes into view. It is wielding a giant spiked club.
The ogre moves out of view.
The ogre misses you.
Unknown command.
You scratch the ogre.
The ogre is lightly wounded.
Unknown command.
You barely miss the ogre.
The ogre is lightly wounded.
You feel a little less clever now.
The ogre hits you with a giant spiked club.
You die...

**#** **,..##
#,***.####****####
#.* *....,,,,,,..#
#.###..#.#*****#.# #
*#....#*#.######.###
*#..## ##........))
***#@#.###.######....
**,*#O##.#.## #####
**,*,#.###.##
*,**#..# #.# **,#.###
#.# ##### ****#.#*
#.# #.... *,,...* #.#
#.### *,###** #.# #.#
*,* #.# #.#


You could see an ogre.

Vanquished Creatures
  An ogre (D:4)
  2 hounds
  An orc wizard (D:5)
  An orc priest (D:5)
  A hound skeleton (D:4)
  2 adders
  An adder zombie (D:5)
  A leopard gecko (D:1)
  5 orcs
  3 hobgoblins (D:1)
  A jackal (D:4)
  A quokka (D:6)
  2 rats (D:1)
22 creatures vanquished.

Notes
Turn   | Place    | Note
-------+----------+-------------------------------------------
     0 | D:1      | 4thArraOfDagon the Felid Conjurer began the quest for the Orb.
     0 | D:1      | Reached XP level 1. HP: 7/7 MP: 4/4
   178 | D:1      | Reached skill level 1 in Unarmed Combat
   210 | D:1      | Reached skill level 3 in Dodging
   291 | D:2      | You fall through a shaft for 2 floors!
   389 | D:4      | Noticed an iguana
   400 | D:4      | Noticed a hound
   424 | D:4      | Noticed an orc wizard
   459 | D:4      | Noticed a worker ant
   471 | D:4      | Reached XP level 2. HP: 11/11 MP: 3/6
   536 | D:4      | Reached XP level 3. HP: 14/14 MP: 7/7
   563 | D:5      | Entered Level 5 of the Dungeon
   623 | D:4      | Noticed an ogre
   681 | D:5      | Reached skill level 4 in Dodging
   681 | D:5      | Reached XP level 4. HP: 12/18 MP: 2/8
   803 | D:6      | Found a glowing golden altar of the Shining One.
   845 | D:7      | Noticed Pikel
   912 | D:6      | Noticed a sky beast
   963 | D:7      | Killed from afar by an electric eel
   964 | D:7      | Reached XP level 3. HP: -9/14 MP: 7/7
   964 | D:7      | Noticed a slave
   965 | D:7      | Noticed a hungry ghost
   965 | D:7      | Noticed a slave
   965 | D:7      | Noticed a slave
  1035 | D:4      | Noticed an ogre
  1045 | D:4      | Killed an ogre
  1045 | D:4      | Reached XP level 4. HP: 5/18 MP: 1/8
  1045 | D:4      | Reached XP level 5. HP: 6/21 MP: 1/9
  1076 | D:4      | Found a sparkling altar of Nemelex Xobeh.
  1105 | D:4      | HP: 1/21 [orc/tomahawk (7)]
  1165 | D:5      | Noticed an ice beast
  1233 | D:5      | Reached skill level 5 in Dodging
  1247 | D:5      | HP: 1/21 [orc wizard/magic dart (6)]
  1280 | D:5      | Noticed an ogre
  1287 | D:5      | Slain by an ogre

Vault maps used:
D:1:      lemuel_arrival_behind_the_door_small, minmay_box_of_dots
D:2:      cheibriados_altar_1, nicolae_ru_the_path_less_chosen, uniq_natasha
D:4:      kennysheep_mini, first_ration, hangedman_decor_points
D:6:      tso_oasis_becter, serial_shops, shop, minmay_crystal_water,
          uniq_prince_ribbit1
D:7:      minmay_temple_entry_overgrown, serial_bayou, serial_bayou_shore_a,
          serial_bayou_pond_e, serial_bayou_pond_e, serial_bayou_ford_a,
          serial_bayou_pond_c, uniq_pikel

Skill      XL: |  1  2  3  4  5 |
---------------+----------------+-----
Unarmed Combat | 1 2 4 |  4.6
Dodging        | 3 4 5 |  5.2
Stealth        | |  2.6
Spellcasting   | |  2.0
Conjurations   | |  3.6

Action                   |  1- 3 |  4- 6 || total
-------------------------+-------+-------++-------
Melee: Unarmed           |    18 |     8 ||    26
       Punch             |     1 |       ||     1
       Bite              |     1 |       ||     1
 Cast: Magic Dart        |    28 |    28 ||    56
Evoke: Wand              |     4 |       ||     4
  Use: Scroll            |     5 |     1 ||     6
       Potion            |       |     4 ||     4
 Stab: Paralysed         |     7 |       ||     7
  Eat: Chunk             |     6 |     7 ||    13
Armor: Skin              |       |     1 ||     1
Dodge: Dodged            |    12 |    17 ||    29

Table legend:
 A = Spawn XP
 B = Non-spawn XP
 C = Spawn XP percentage of total XP
 D = Spawn monster count
 E = Non-spawn monster count
 F = Spawn count percentage of total count
 G = Total turns spent on level
                    A         B        C        D         E        F      G
               +---------+---------+-------+---------+---------+-------+---------
         Total |       0 |     366 |   0.0 |       0 |      22 |   0.0 |  1287
               +---------+---------+-------+---------+---------+-------+---------
           D:1 |       0 |      11 |   0.0 |       0 |       6 |   0.0 |   250
           D:4 |       0 |     180 |   0.0 |       0 |       4 |   0.0 |   404
           D:5 |       0 |     157 |   0.0 |       0 |       9 |   0.0 |   392
           D:6 |       0 |      18 |   0.0 |       0 |       3 |   0.0 |   163
               +---------+---------+-------+---------+---------+-------+---------
